 Dungeon Crawl Stone Soup version 0.32-a0-779-g362cfcae2a (webtiles) character file.

Game seed: 15380565391296962732

75 Rohain the Sneak (level 4, 0/24 HPs)
             Began as a Vampire Enchanter on Mar 19, 2024.
             Slain by a hobgoblin (4 damage)
             ... led by Robin
             ... on level 2 of the Dungeon.
             The game lasted 00:03:44 (1666 turns).

Rohain the Sneak (Vampire Enchanter)                Turns: 1666, Time: 00:03:45

Health: 0/24       AC:  2    Str:  7    XL:     4   Next: 11%
Magic:  0/7        EV: 12    Int: 17    God:
Gold:   85         SH:  0    Dex: 16    Spells: 3/7 levels left

rFire   . . .        a - +1 dagger
rCold   + + .        (no shield)
rNeg    + + +        b - +0 robe
rPois   ∞            (no helmet)
rElec   .            (no cloak)
rCorr   .            (no gloves)
SInv    +            (no boots)
Will    .....        e - amulet of the acrobat
Stlth   +++++        (no ring)
HPRegen 0.00/turn    (no ring)
MPRegen 0.10/turn

%: acrobat
@: weak-willed, jinxed, bloodless, inhibited regen
A: bloodless, fangs 3, see invisible, vampiric 2
a: Bat Form, Revivify


You were on level 2 of the Dungeon.
You visited 1 branch of the dungeon, and saw 3 of its levels.

You collected 85 gold pieces.

Inventory:

Hand Weapons
 a - a +1 dagger (weapon)
Missiles
 g - a throwing net
Armour
 b - a +0 robe (worn)
 h - a +0 leather armour
Jewellery
 e - an amulet of the acrobat (around neck)
 k - an amulet of guardian spirit
Scrolls
 d - a scroll of identify
 f - a scroll of brand weapon {unknown}
 j - a scroll of silence {unknown}
Potions
 c - 2 potions of invisibility
 i - a potion of resistance


   Skills:
 + Level 1.9 Short Blades
 + Level 2.8 Dodging
 * Level 5.8 Stealth
 + Level 2.4 Spellcasting
 + Level 4.9 Hexes


You had 3 spell levels left.
You knew the following spells:

 Your Spells              Type           Power      Damage    Failure   Level
a - Jinxbite              Hex            36%        N/A       3%          2
b - Ensorcelled Hibernat  Hex/Ice        20%        N/A       10%         2

Your spell library contained the following spells:

 Spells                   Type           Power      Damage    Failure   Level
 Confusing Touch          Hex            18%        N/A       8%          3
 Tukima's Dance           Hex            18%        N/A       8%          3
 Dazzling Flash           Conj/Hex       20%        N/A       21%         3
 Call Imp                 Summ           4%         N/A       28%         2
 Sublimation of Blood     Necr           2%         N/A       28%         2
 Frozen Ramparts          Ice            4%         1d1       50%         3
 Ozocubu's Armour         Ice            2%         N/A       50%         3
 Metabolic Englaciation   Hex/Ice        5%         N/A       88%         5
 Summon Mana Viper        Hex/Summ       10%        N/A       88%         5
 Yara's Violent Unravell  Hex/Alch       5%         3d4       88%         5
 Summon Forest            Summ/Tloc      1%         N/A       99%         5
 Summon Cactus Giant      Summ           1%         N/A       100%        6
 Enfeeble                 Hex            9%         N/A       100%        7
 Summon Hydra             Summ           1%         N/A       100%        7


Dungeon Overview and Level Annotations

Branches:
Dungeon (3/15)

Altars:

Shops:
D:2 ?

Annotations:
D:3 Robin


Innate Abilities, Weirdness & Mutations

You do not regenerate when monsters are visible.
You are frail without blood (-20% HP).
You can heal yourself when you bite living creatures.
You are immune to poison.
You have razor-sharp teeth.
You have supernaturally acute eyesight. (SInv)
You are afflicted with vampirism and can become a bat while bloodless.


Message History

Aim: a hobgoblin (strong, chance to affect: 62%)
The goblin is unaffected.
The goblin hits you but does no damage.
Casting: Ensorcelled Hibernation (safe; 10% risk of failure)
Confirm with . or Enter, or press ? or * to list all spells.
Aiming: Ensorcelled Hibernation (safe; 10% risk of failure)
Press: ? - help, Shift-Dir - straight line, f - goblin, p - hobgoblin
Aim: a goblin, wielding a +0 club (strong, not susceptible)
The goblin is unaffected.
The goblin barely misses you.
Casting: Ensorcelled Hibernation (safe; 10% risk of failure)
Confirm with . or Enter, or press ? or * to list all spells.
Okay, then.
Casting: Ensorcelled Hibernation (safe; 10% risk of failure)
Confirm with . or Enter, or press ? or * to list all spells.
You don't have enough magic to cast this spell.
You barely miss the goblin. You bite the goblin.
You kill the goblin!
Casting: Ensorcelled Hibernation (safe; 10% risk of failure)
Confirm with . or Enter, or press ? or * to list all spells.
You don't have enough magic to cast this spell.
You hit the hobgoblin.
The hobgoblin is moderately wounded.
The hobgoblin hits you!
* * * LOW HITPOINT WARNING * * *
Casting: Ensorcelled Hibernation (safe; 10% risk of failure)
Confirm with . or Enter, or press ? or * to list all spells.
You don't have enough magic to cast this spell.
You barely miss the hobgoblin.
The hobgoblin is moderately wounded.
The hobgoblin closely misses you.
Casting: Ensorcelled Hibernation (safe; 10% risk of failure)
Confirm with . or Enter, or press ? or * to list all spells.
Aiming: Ensorcelled Hibernation (safe; 10% risk of failure)
Press: ? - help, Shift-Dir - straight line, f - hobgoblin
Aim: a hobgoblin (moderately wounded, strong, chance to affect: 62%)
Okay, then.
Casting: Ensorcelled Hibernation (safe; 10% risk of failure)
Confirm with . or Enter, or press ? or * to list all spells.
You beckon some vexing sprites to accompany your attacks.
You feel your willpower being sapped. The hobgoblin hits you.
You die...

.#.# #.# #.#.# # .#.###### #.#
#.#.# ### # .#......# #.##
##.#.########.####
....###.###..###.................
#...# #.....#.##.#####.......####
....###.##.###.#.# #.####..#
.#......#(## ##†.# #.# #..#
...##.####.###)#g# #.# ##..####
#####.# ##.#.##@#####.# #.......
#.# ##.###.).....###..##### #.#
### ##.)..........# #<#
#...##.#.#.#.#### #.#
#.####........... #.# #.#
###.#.#.#### #.# #.# #.........
#.# #.# ########## #.# #.#


You could see a hobgoblin (strong).

Vanquished Creatures
  3 adders (D:2)
  4 ball pythons
  3 endoplasms
  3 giant cockroaches
  10 goblins
  4 hobgoblins (D:2)
  4 jackals (D:2)
  4 kobolds (D:2)
  A quokka (D:2)
  3 bats (D:2)
  A frilled lizard (D:2)
  2 rats (D:1)
42 creatures vanquished.

Notes
Turn   | Place    | Note
-------+----------+-------------------------------------------
     0 | D:1      | Rohain the Vampire Enchanter began the quest for the Orb.
     0 | D:1      | Reached XP level 1. HP: 13/13 MP: 3/3
   608 | D:2      | Reached XP level 2. HP: 15/15 MP: 5/5
   676 | D:2      | Learned a level 2 spell: Jinxbite
   719 | D:2      | Reached skill level 5 in Stealth
   954 | D:2      | Gained mutation: You are afflicted with vampirism and can
                  | become a bat while bloodless. [Vampire growth]
   954 | D:2      | Reached XP level 3. HP: 19/19 MP: 6/6
   957 | D:2      | Learned a level 2 spell: Ensorcelled Hibernation
  1279 | D:2      | Found Kesoqiemp's Magic Scroll Boutique.
  1511 | D:3      | Noticed Robin
  1523 | D:3      | Reached XP level 4. HP: 14/24 MP: 4/7
  1666 | D:2      | Slain by a hobgoblin

Illustrated notes

Levels and vault maps discovered:
D:1:      dpeg_arrival_tiny_i, layout_loops_cross, serial_glass,
          glass_columns_c, glass_columns_c, minmay_crystal_room
D:2:      layout_loops_ring, serial_shops, nicolae_shop_window_shopping
D:3:      layout_basic, grunt_gozag_breadcrumbs, uniq_robin

Skill      XL: |  1  2 |
---------------+-------+-----
Stealth        | 5 |  5.8
Short Blades   | |  1.9
Dodging        | |  2.8
Spellcasting   | |  2.4
Hexes          | |  4.9

Action                     |  1- 3 |  4- 6 || total
---------------------------+-------+-------++-------
  Melee: Dagger            |    77 |     9 ||    86
         Bite              |     5 |     1 ||     6
   Cast: Jinxbite          |     6 |     1 ||     7
         Ensorcelled Hiber |       |     7 ||     7
Ability: Exsanguinate      |     1 |       ||     1
    Use: Scroll            |     1 |       ||     1
   Stab: Sleeping          |    17 |     3 ||    20
 Armour: Robe              |    31 |    15 ||    46
  Dodge: Dodged            |    36 |    15 ||    51

Table legend: (Time is in decaauts)
 A = Elapsed time spent in this place.
 B = Non-inter-level travel time spent in this place.
 C = Inter-level travel time spent in this place.
 D = Time resting spent in this place.
 E = Time spent auto-exploring this place.
 F = Levels seen in this place.
 G = Mean time per level.
                   A        B        C        D        E       F      G
               +--------+--------+--------+--------+--------+-----+--------+
         Total |   1660 |   1605 |     55 |    184 |   1115 |   3 |  553.3 |
       Dungeon |   1660 |   1605 |     55 |    184 |   1115 |   3 |  553.3 |
               +--------+--------+--------+--------+--------+-----+--------+

Top non-repeatable levels by time:
     D:2: 1057 daAuts
     D:1: 579 daAuts
     D:3: 24 daAuts
